 Dungeon Crawl Stone Soup version 0.19-a0-1920-g83281cb (webtiles) character file.

67 Letos the Shield-Bearer (level 4, -3/37 HPs)
             Began as a Formicid Fighter on Oct 23, 2016.
             Slain by aTarkinC's ghost (9 damage)
             ... on level 3 of the Dungeon.
             The game lasted 00:04:14 (1941 turns).

Letos the Shield-Bearer (Formicid Fighter)          Turns: 1941, Time: 00:04:15

Health: -3/37      AC:  8    Str: 25    XL:     4   Next: 40%
Magic:  13/13      EV:  8    Int:  8    God:
Gold:   146        SH: 10    Dex: 11    Spells: 0 memorised, 3 levels left

rFire  + . .     SeeInvis +     a - +0 long sword
rCold  . . .     Gourm    .     b - +0 scale mail
rNeg   . . .     Faith    .     c - +0 shield
rPois  .         Spirit   .     (helmet unavailable)
rElec  .         Reflect  .     (no cloak)
rCorr  .         Harm     .     v - +0 pair of gloves
MR     .....                    (no boots)
Stlth  ..........               (no amulet)
                                i - ring of protection from fire
                                h - ring of magical power

@: mighty
A: permanent stasis, dig shafts and tunnels, four strong arms, antennae 3
a: Dig, Shaft Self


You were on level 3 of the Dungeon.
You were hungry.

You visited 1 branch of the dungeon, and saw 3 of its levels.

You collected 146 gold pieces.

Inventory:

Hand Weapons
 a - a +0 long sword (weapon)
Armour
 b - a +0 scale mail (worn)
 c - a +0 shield (worn)
 v - a +0 pair of gloves (worn)
Jewellery
 h - a ring of magical power (left hand)
 i - a ring of protection from fire (right hand)
Scrolls
 g - a scroll of magic mapping {unknown}
 r - a scroll of enchant weapon {unknown}
 t - a scroll of identify {unknown}
Potions
 e - 2 potions of magic {unknown}
 j - a potion of degeneration {unknown}
 k - 2 potions of heal wounds {unknown}
 l - a potion of flight {unknown}
 m - 2 potions of brilliance {unknown}
 n - a potion of agility {unknown}
 s - a potion of lignification {unknown}
Comestibles
 f - 2 bread rations
 o - 3 chunks of flesh
 p - a fruit
 q - a slice of pizza
 u - a beef jerky


   Skills:
 + Level 3.9 Fighting
 * Level 3.0 Long Blades
 + Level 3.6 Armour
 + Level 4.3 Shields


You had 3 spell levels left.
You didn't know any spells.

Dungeon Overview and Level Annotations

Branches:
Dungeon (3/15)

Altars:

Annotations:
D:3 aTarkinC's ghost, amateur OpFE


Innate Abilities, Weirdness & Mutations

You are under a permanent stasis effect.
You can dig through walls and to a lower floor.
Your four strong arms can wield two-handed weapons with a shield.
You have a pair of large antennae on your head. (SInv)


Message History

ATarkinC's ghost is severely damaged.
ATarkinC's ghost casts a spell at you. You block the flame tongue.
You barely miss aTarkinC's ghost.
ATarkinC's ghost is severely damaged.
ATarkinC's ghost hits you but does no damage.
You block aTarkinC's ghost's attack.
You are feeling hungry.
You closely miss aTarkinC's ghost.
ATarkinC's ghost is severely damaged.
ATarkinC's ghost hits you but does no damage.
You closely miss aTarkinC's ghost.
ATarkinC's ghost is heavily damaged.
ATarkinC's ghost keens inconsolably.
ATarkinC's ghost hits you.
* * * LOW HITPOINT WARNING * * *
x2 You slash aTarkinC's ghost!
ATarkinC's ghost is almost destroyed.
ATarkinC's ghost hits you!
You die...

...... .....
.... ... ..#
?.#
#######..#
#rW@..<).#.#
#.###.##...#.
.. #<†......#
...
##########
... .. .


You could see aTarkinC's ghost and a rat.

Vanquished Creatures
  2 worms (D:2)
  3 dart slugs
  4 leopard geckos
  An orc (D:3)
  5 giant cockroaches
  8 goblins
  4 hobgoblins (D:1)
  4 kobolds
  A quokka (D:3)
  4 bats
  8 frilled lizards
  6 rats (D:1)
50 creatures vanquished.

Notes
Turn   | Place    | Note
-------+----------+-------------------------------------------
     0 | D:1      | Letos the Formicid Fighter began the quest for the Orb.
     0 | D:1      | Reached XP level 1. HP: 18/18 MP: 1/1
   143 | D:1      | Reached XP level 2. HP: 22/24 MP: 2/2
   398 | D:1      | Reached XP level 3. HP: 29/29 MP: 3/3
  1399 | D:2      | Reached skill level 4 in Shields
  1524 | D:2      | Reached XP level 4. HP: 36/37 MP: 4/4
  1924 | D:3      | Noticed aTarkinC's ghost (amateur OpFE)
  1941 | D:3      | Slain by aTarkinC's ghost

Vault maps used:
D:1:      lemuel_arrival_river_ford, eino_curves_02
D:2:      minmay_tetromino_i4

Skill      XL: |  1  2  3  4 |
---------------+-------------+-----
Shields        | 4 |  4.3
Long Blades    | 3 |  3.0
Fighting       | |  3.9
Armour         | |  3.6

Action                   |  1- 3 |  4- 6 || total
-------------------------+-------+-------++-------
Melee: Long sword        |    96 |    49 ||   145
 Abil: Dig               |     7 |     2 ||     9
  Use: Potion            |       |     1 ||     1
  Eat: Chunk             |     3 |     1 ||     4
Armor: Scale mail        |    34 |    12 ||    46
Dodge: Dodged            |    24 |    14 ||    38
Block: Shield            |    45 |    20 ||    65
       Rpst.: Long sword |    12 |     2 ||    14
